AoeStats
← bkg45

Oasis

509502385Analyzed
4v4 RM · 4d ago on Sep 27, 2026· 43m 46s· 8 players
Game mode
Random Map
Map size
Large (8 player)
Population
200
Speed
Normal
Resources
Standard
Victory
Conquest
Starting age
Dark Age
Ending age
Imperial Age
RankedLock teamsTeams togetherTeam positionsShared explorationLock speedFull tech treeHidden civsTurbo modeCheats
Victory
Defeat
🇧🇷 Teutons · Brazil
1454
+13
🇺🇸 Celts · United States
1448
+14
🇺🇸 Franks · United States
1383
+16
🇦🇷 Huns · Argentina
1363
+17
🇨🇱 Mongols · Chile
1529
-20
🇨🇱 Persians · Chile
1373
-14
🇦🇷 Malay · Argentina
1346
-13
🇦🇷 Lithuanians · Argentina
1331
-13
Tylenol
10:43 Feudal Age
16:45 Castle Age
15:01 Double-Bit Axe
15:01 Horse Collar
15:37 Gold Mining
24:17 Wheelbarrow
24:11 Scale Barding Armor
24:16 Heavy Plow
24:29 Bow Saw
25:22 Chain Barding Armor
26:13 Heavy Plow
26:47 Bloodlines
26:50 Forging
26:58 Hand Cart
32:45 Imperial Age
30:32 Loom
31:55 Iron Casting
31:36 Caravan
31:36 Stone Mining
31:44 Town Watch
32:54 Cavalier
34:09 Plate Barding Armor
34:51 Two-Man Saw
35:16 Blast Furnace
36:06 Paladin
37:18 Crop Rotation
37:31 Stone Shaft Mining
43:47 Scale Mail Armor
43:48 Squires
43:34 Arson
43:09 Pikeman
44:12 Conscription
busy pushing deer
9:32 Feudal Age
9:59 Loom
10:30 Double-Bit Axe
15:58 Horse Collar
21:01 Castle Age
19:27 Gold Mining
19:52 Stone Mining
22:06 Bow Saw
24:19 Wheelbarrow
23:30 Town Watch
25:56 Hand Cart
26:51 Heavy Plow
31:50 Imperial Age
30:32 Scale Mail Armor
30:42 Forging
30:23 Fletching
31:06 Pikeman
32:16 Ballistics
32:37 Gold Shaft Mining
32:03 Onager
33:01 Halberdier
35:55 Chain Mail Armor
36:15 Iron Casting
37:51 Plate Mail Armor
37:16 Bodkin Arrow
38:12 Siege Engineers
39:08 Chemistry
40:49 Blast Furnace
40:52 Siege Onager
41:30 Stronghold
Lord_Wilfredo
6:59 Loom
9:52 Feudal Age
15:23 Double-Bit Axe
16:40 Bloodlines
18:34 Forging
18:32 Horse Collar
24:15 Castle Age
23:11 Scale Barding Armor
23:58 Fletching
24:09 Padded Archer Armor
25:25 Bow Saw
25:14 Bodkin Arrow
26:26 Chain Barding Armor
27:25 Gold Mining
28:36 Town Watch
31:12 Thumb Ring
31:58 Leather Archer Armor
34:57 Wheelbarrow
39:56 Imperial Age
38:53 Ballistics
39:34 Iron Casting
41:11 Parthian Tactics
40:59 Bracer
42:02 Chemistry
40:50 Heavy Cavalry Archer
41:20 Cavalier
42:00 Husbandry
42:14 Capped Ram
44:51 Plate Barding Armor
bkg45
6:22 Loom
9:02 Feudal Age
9:40 Double-Bit Axe
16:30 Wheelbarrow
20:06 Castle Age
18:24 Gold Mining
18:58 Forging
19:15 Scale Barding Armor
20:08 Light Cavalry
21:06 Bow Saw
24:10 Husbandry
25:28 Chain Barding Armor
32:00 Hand Cart
35:36 Imperial Age
33:55 Town Watch
35:50 Iron Casting
35:40 Cavalier
36:57 Plate Barding Armor
38:01 Blast Furnace
37:17 Paladin
39:07 Stone Mining
39:53 Gold Shaft Mining
40:16 Conscription
41:40 Caravan
JessePinkman
12:21 Feudal Age
12:55 Feudal Age
12:45 Loom
15:57 Castle Age
14:00 Horse Collar
14:41 Double-Bit Axe
17:00 Bow Saw
27:09 Wheelbarrow
26:19 Town Watch
27:52 Heavy Plow
27:43 Gold Mining
29:01 Forging
29:19 Fletching
30:27 Iron Casting
29:57 Squires
30:14 Bodkin Arrow
34:35 Imperial Age
33:41 Gold Shaft Mining
33:39 Elite Karambit Warrior
36:02 Blast Furnace
35:54 Pikeman
37:02 Conscription
36:50 Halberdier
39:49 Stone Mining
42:12 Bracer
[CL] ~C H R I $-
11:24 Feudal Age
15:20 Castle Age
13:59 Horse Collar
14:10 Double-Bit Axe
16:33 Bow Saw
16:46 Loom
17:38 Wheelbarrow
23:36 Heavy Plow
24:04 Gold Mining
25:31 Scale Barding Armor
25:37 Forging
25:42 Bloodlines
27:31 Gold Shaft Mining
32:43 Imperial Age
31:50 Hand Cart
33:15 Chain Barding Armor
33:31 Iron Casting
32:20 Cavalier
33:02 Husbandry
33:32 Stone Mining
33:57 Savar
36:16 Plate Barding Armor
37:52 Blast Furnace
WalterWhite
7:09 Loom
9:32 Feudal Age
10:16 Double-Bit Axe
10:12 Horse Collar
16:50 Forging
16:51 Bloodlines
22:42 Castle Age
21:33 Scale Barding Armor
24:02 Chain Barding Armor
24:53 Bow Saw
29:30 Iron Casting
37:16 Gold Mining
38:58 Wheelbarrow
41:04 Imperial Age
38:21 Town Watch
38:49 Husbandry
40:43 Light Cavalry
41:44 Fletching
42:05 Padded Archer Armor
42:05 Cavalier
44:44 Plate Barding Armor
[CL] ßitokø × 1876
3:35 Loom
8:29 Feudal Age
8:34 Man-at-Arms
13:24 Double-Bit Axe
14:09 Padded Archer Armor
15:23 Horse Collar
21:21 Castle Age
19:26 Gold Mining
20:10 Fletching
21:58 Bodkin Arrow
21:25 Crossbowman
22:17 Bow Saw
22:07 Heavy Plow
24:15 Gold Shaft Mining
24:57 Ballistics
25:41 Thumb Ring
27:28 Wheelbarrow
28:24 Hand Cart
36:29 Imperial Age
34:55 Masonry
36:02 Leather Archer Armor
35:45 Murder Holes
36:29 Town Watch
37:26 Bracer
38:28 Chemistry
38:59 Scale Barding Armor
39:40 Parthian Tactics
Connection lost

Rejoining the realm…

Still unreachable

The connection could not be restored.

Session expired

The server has moved on; the page needs a fresh start.